 Dungeon Crawl Stone Soup version 0.19.5 (webtiles) character file.

638 doot the Chopper (level 7, -4/60 HPs)
             Began as a Hill Orc Fighter on May 7, 2017.
             Was an Initiate of Beogh.
             Slain by Crazy Yiuf
             ... wielding a +4 quarterstaff of chaos
              (12 damage)
             ... on level 4 of the Dungeon.
             The game lasted 00:18:46 (4701 turns).

doot the Chopper (Hill Orc Fighter)                 Turns: 4701, Time: 00:18:47

Health: -4/60      AC:  8    Str: 19    XL:     7   Next: 50%
Magic:  7/7        EV:  8    Int:  8    God:    Beogh [......]
Gold:   180        SH:  9    Dex: 12    Spells: 0 memorised, 6 levels left

rFire  . . .     SeeInvis .     a - +0 war axe
rCold  . . .     Gourm    .     b - +0 scale mail
rNeg   . . .     Faith    .     c - +0 shield
rPois  .         Spirit   .     (no helmet)
rElec  .         Reflect  .     e - +0 cloak
rCorr  .         Harm     .     (no gloves)
MR     .....                    (no boots)
Stlth  ..........               (no amulet)
                                (no ring)
                                (no ring)

@: lethally poisoned (-4 -> -10), drained
A: no striking features
a: Renounce Religion


You were on level 4 of the Dungeon.
You worshipped Beogh.
Beogh was noncommittal.
You were near starving.

You visited 1 branch of the dungeon, and saw 4 of its levels.

You collected 180 gold pieces.

Inventory:

Hand Weapons
 a - a +0 war axe (weapon)
Armour
 b - a +0 scale mail (worn)
 c - a +0 shield (worn)
 e - a +0 cloak (worn)
Jewellery
 h - a cursed ring of loudness {unknown}
Wands
 u - a wand of flame (20/48)
Scrolls
 g - 2 scrolls of amnesia {unknown}
 i - a scroll of recharging {unknown}
 j - 3 scrolls of remove curse {unknown}
 l - 5 scrolls of identify {unknown}
 s - 2 scrolls of random uselessness {unknown}
Potions
 d - a potion of might
 k - 2 potions of brilliance {unknown}
 m - a potion of heal wounds {unknown}
 p - 2 potions of degeneration {unknown}
 q - a potion of ambrosia {unknown}
 r - a potion of haste {unknown}
Books
 n - a book of Cantrips

   Spells                             Type                      Level
   a - Confusing Touch                Hexes                        1
   b - Animate Skeleton               Necromancy                   1
   c - Summon Small Mammal            Summoning                    1
   d - Apportation                    Translocation                1
Comestibles
 f - 5 bread rations
 o - 3 meat rations
 t - 2 beef jerkies


   Skills:
 + Level 4.8(4.5) Fighting
 * Level 7.9(7.5) Axes
 + Level 4.3(4.0) Armour
 + Level 1.2(0.9) Dodging
 + Level 0.1(0.0) Stealth
 + Level 4.8(4.5) Shields


You had 6 spell levels left.
You didn't know any spells.

Dungeon Overview and Level Annotations

Branches:
Dungeon (4/15)
 Temple: D:4-7

Altars:
Nemelex Xobeh
Qazlal
Sif Muna
Vehumet

Annotations:
D:4 Crazy Yiuf


Message History

You feel sick.
Crazy Yiuf hits you with a quarterstaff of chaos!
You feel drained.
You completely miss Crazy Yiuf.
Crazy Yiuf is severely wounded.
You feel sick.
Crazy Yiuf whimpers, "Lugonu bag ena!"
You block Crazy Yiuf's attack.
You closely miss Crazy Yiuf.
Crazy Yiuf is severely wounded.
You feel sick.
Crazy Yiuf hits you with a quarterstaff of chaos!
* * * LOW HITPOINT WARNING * * *
Crazy Yiuf freezes you.
* * * LOW HITPOINT WARNING * * *
You hit Crazy Yiuf.
Crazy Yiuf is severely wounded.
You feel sick.
Crazy Yiuf hits you with a quarterstaff of chaos!
You die...

.............#
.....#######.#
.###.#########
.# #.......#
.#########.#
##### ......#
#.# #..)#
.####.# #.#
#...# ## #.#
#.# #.g.# ##
##.## ### #@#
.###...# ##.#
.....).# #.##
.......# ##.#
#####..# #.##
.###...# ##.##
..#...##
#...## 8.#[8.#
#....#
.(#(..##
#....#


You could see Crazy Yiuf.

Vanquished Creatures
  Sigmund (D:4)
  The ghost of mcbry the Shooter, an amateur HEHu (D:3)
  A gnoll shaman (D:3)
  An orc wizard (D:3)
  Ijyb (D:1)
  Natasha (thrice) (D:3)
  A worker ant (D:2)
  9 gnolls
  3 adders
  A howler monkey skeleton (D:4)
  An ooze (D:1)
  2 worms
  3 dart slugs
  2 leopard geckos
  9 orcs
  2 giant cockroaches
  7 goblins
  11 hobgoblins
  A ball python (D:2)
  12 bats
  3 frilled lizards
  4 kobolds
  A leopard gecko skeleton (D:4)
  9 rats
89 creatures vanquished.

Vanquished Creatures (others)
  An orc priest (D:4)
  2 orcs (D:4)
3 creatures vanquished.

Grand Total: 92 creatures vanquished

Notes
Turn   | Place    | Note
-------+----------+-------------------------------------------
     0 | D:1      | doot the Hill Orc Fighter began the quest for the Orb.
     0 | D:1      | Reached XP level 1. HP: 19/19 MP: 1/1
    24 | D:1      | Reached skill level 3 in Axes
    25 | D:1      | Reached XP level 2. HP: 26/27 MP: 2/2
   525 | D:1      | Reached XP level 3. HP: 33/33 MP: 3/3
  1077 | D:2      | Noticed Ijyb
  1087 | D:1      | Killed Ijyb
  1087 | D:1      | Reached skill level 4 in Axes
  1087 | D:1      | Reached XP level 4. HP: 37/40 MP: 4/4
  1527 | D:2      | Found a sparkling altar of Nemelex Xobeh.
  1675 | D:3      | Found a deep blue altar of Sif Muna.
  1726 | D:3      | Reached skill level 5 in Axes
  1726 | D:3      | Reached XP level 5. HP: 29/46 MP: 5/5
  1860 | D:3      | Noticed Natasha
  2182 | D:3      | Noticed mcbry's ghost (amateur HEHu)
  2202 | D:3      | Found a radiant altar of Vehumet.
  3067 | D:2      | Reached skill level 6 in Axes
  3211 | D:3      | Reached XP level 6. HP: 48/52 MP: 6/6
  3244 | D:3      | Killed Natasha
  3748 | D:3      | Noticed Natasha
  3759 | D:3      | Killed Natasha
  3800 | D:3      | Killed mcbry's ghost
  3800 | D:3      | Reached skill level 1 in Dodging
  3920 | D:3      | Noticed Natasha
  3923 | D:3      | Killed Natasha
  3923 | D:3      | Reached skill level 7 in Axes
  3923 | D:3      | Reached XP level 7. HP: 58/60 MP: 7/7
  3945 | D:4      | Noticed Sigmund
  3958 | D:4      | Killed Sigmund
  4144 | D:4      | Found a stormy altar of Qazlal.
  4178 | D:4      | Became a worshipper of Beogh the Brigand
  4511 | D:4      | Found a runed door.
  4689 | D:4      | Noticed Crazy Yiuf
  4701 | D:4      | Slain by Crazy Yiuf

Skill      XL: |  1  2  3  4  5  6 |
---------------+-------------------+-----
Axes           | 3 4 5 6 7 |  7.9
Fighting       | 4 |  4.8
Shields        | 4 |  4.8
Armour         | 4 |  4.3
Dodging        | 1 |  1.2
Stealth        | |  0.1

Action                   |  1- 3 |  4- 6 |  7- 9 || total
-------------------------+-------+-------+-------++-------
Melee: War axe           |    69 |   252 |    44 ||   365
Invok: Convert to Beogh  |       |       |     1 ||     1
  Eat: Chunk             |     1 |     8 |     2 ||    11
Armor: Scale mail        |    30 |   109 |     9 ||   148
Dodge: Dodged            |    16 |    95 |    11 ||   122
Block: Shield            |    37 |   139 |    14 ||   190
